 Dungeon Sprint DCSS version 0.30.1-4-g462c640d31 (webtiles) character file.

Game seed: 3799931037484385183

437 Heoruswealwe the Imperceptible (level 6, -1/29 HPs)
             Began as a Spriggan Artificer on Sept 12, 2023.
             Was the Champion of Zin.
             Slain by Sonja
             ... wielding a +2 dagger of venom
              (4 damage)
             ... in the Dungeon (Sprint I: "Red Sonja").
             The game lasted 00:04:13 (134 turns).

Heoruswealwe the Imperceptible (Spriggan Artificer)  Turns: 134, Time: 00:04:13

Health: -1/29      AC:  2    Str:  8    XL:     6   Next: 69%
Magic:  7/7        EV: 18    Int: 12    God:    Zin [******]
Gold:   292        SH:  0    Dex: 18    Spells: 5/5 levels left

rFire   . . .        a - +2 dagger (venom)
rCold   . . .        (no shield)
rNeg    . . .        c - +0 robe
rPois   .            (helmet restricted)
rElec   .            (no cloak)
rCorr   .            (gloves unavailable)
SInv    +            (boots unavailable)
Will    +....        (no amulet)
Stlth   ++++++++     (no ring)
HPRegen 0.24/turn    (no ring)
MPRegen 0.10/turn

%: no teleportation
@: lethally poisoned (-1 -> -40), slowed, quick
A: very small, no large weapons, unfitting armour, see invisible, speed 3
a: Renounce Religion, Recite, Vitalisation, Imprison, Sanctuary, Donate Gold


You were in the Dungeon.
You worshipped Zin.
Zin was exalted by your worship.
You visited 1 branch You collected 324 gold pieces.
You donated 32 gold pieces to Zin.

Inventory:

Hand Weapons
 a - a +2 dagger of venom (weapon)
Armour
 c - a +0 robe (worn)
Wands
 b - a wand of flame (3) (quivered)
 d - a wand of charming (15)
 l - a wand of polymorph (7)
Scrolls
 k - a scroll of blinking
Potions
 f - a potion of curing
 h - a potion of haste


   Skills:
 - Level 0.7 Fighting
 - Level 3.2 Dodging
 + Level 21.1 Stealth
 - Level 4.0 Evocations


You had 5 spell levels left.
You didn't know any spells.
Your spell library was empty.

Dungeon Overview and Level Annotations

Branches:
Dungeon (1/1)

Altars:
Cheibriados
Dithmenos
Elyvilon
Fedhas
Gozag
Hepliaklqana
Kikubaaqudgha
Nemelex Xobeh
Okawaru
Qazlal
Ru
Sif Muna
Trog
Uskayaw
Vehumet
Wu Jian
Yredelemnul
Zin
The Shining One

Shops:
D *

Annotations:
D Sonja


Innate Abilities, Weirdness & Mutations

You are very small and have problems with some larger weapons.
You are too small for most types of armour.
You have supernaturally acute eyesight. (SInv)
You cover ground extremely quickly. (Speed+++)


Message History

Found 108 gold pieces.
Aiming: Throw Flame
Press: ? - help, Shift-Dir - straight line, f - Sonja
Aim: Sonja, wielding a +2 dagger of venom and quivering curare-tipped darts (29% to hit)
The puff of flame hits Sonja.
Sonja is lightly wounded.
Sonja throws a curare-tipped dart.
The curare-tipped dart hits you.
You are poisoned.
You have difficulty breathing.
You feel yourself slow down.
Sonja says, "I'm academy-trained, you know."
Sonja drinks a potion.
Sonja seems to speed up.
The puff of flame hits Sonja.
Sonja is moderately wounded.
You feel very sick.
Sonja bows elegantly.
Sonja throws a curare-tipped dart.
The curare-tipped dart misses you.
You feel much better.
You feel very sick. Sonja closely misses you.
Sonja hits you with a +2 dagger of venom.
Sonja hits you with a +2 dagger of venom!
You are lethally poisoned!
Sonja completely misses you. Sonja barely misses you.
Sonja hits you with a +2 dagger of venom.
You are more poisoned.
You hit Sonja.
Sonja is poisoned.
Sonja is moderately wounded.
* * * LOW HITPOINT WARNING * * *
You feel extremely sick. Sonja barely misses you.
Sonja hits you but does no damage.
Sonja hits you with a +2 dagger of venom.
* * * LOW HITPOINT WARNING * * *
You are more poisoned.
Sonja closely misses you.
Sonja hits you with a +2 dagger of venom.
* * * LOW HITPOINT WARNING * * *
You are more poisoned.
Sonja barely misses you. Sonja completely misses you. Sonja closely misses you.
Sonja hits you with a +2 dagger of venom.
You die...

################
#<.#..'.)#..'..#
#..).)#..'..#..+
#..#####'#####'#
#..####..#...#.#
#..#__####..##[#
#..#_____##'#_.+
#⌠⌠#_.∩..†'..._#
####_..__##_@#'#
#_____###K#.#
####### #.###
$.$ $.$ ##.##
#+#


You could see Sonja (fast, very poisoned).

Vanquished Creatures
  Sigmund (D)
  A yak (D)
  An ogre (D)
  A jelly (D)
  Ijyb (D)
5 creatures vanquished.

Notes
Turn   | Place    | Note
-------+----------+-------------------------------------------
     0 | D        | Heoruswealwe the Spriggan Artificer began the quest for the
                  | Orb.
     0 | D        | Reached XP level 1. HP: 9/9 MP: 2/2
     1 | D        | Noticed Ijyb
     6 | D        | Killed Ijyb
     7 | D        | Reached skill level 9 in Stealth
     7 | D        | Reached XP level 2. HP: 14/14 MP: 3/3
    17 | D        | Noticed an ogre
    23 | D        | Killed an ogre
    24 | D        | Reached skill level 14 in Stealth
    24 | D        | Reached XP level 3. HP: 17/17 MP: 4/4
    24 | D        | Reached XP level 4. HP: 21/21 MP: 5/5
    35 | D        | Noticed Sigmund
    45 | D        | Killed Sigmund
    46 | D        | Reached skill level 18 in Stealth
    46 | D        | Reached XP level 5. HP: 25/25 MP: 6/6
    61 | D        | Found an ornate altar of the Wu Jian Council.
    61 | D        | Found a shimmering blue altar of Sif Muna.
    63 | D        | Found a radiant altar of Vehumet.
    79 | D        | Reached skill level 19 in Stealth
    79 | D        | Reached XP level 6. HP: 29/29 MP: 7/7
   113 | D        | Found Heseck's General Store.
   113 | D        | Found an ancient bone altar of Kikubaaqudgha.
   113 | D        | Found a hazy altar of Hepliaklqana.
   113 | D        | Found a stormy altar of Qazlal.
   113 | D        | Found a hide-covered altar of Uskayaw.
   113 | D        | Found a blossoming altar of Fedhas.
   113 | D        | Found a bloodstained altar of Trog.
   113 | D        | Found an iron altar of Okawaru.
   113 | D        | Found a basalt altar of Yredelemnul.
   113 | D        | Found a glowing golden altar of the Shining One.
   113 | D        | Found a snail-covered altar of Cheibriados.
   113 | D        | Found a sacrificial altar of Ru.
   113 | D        | Found a glowing silver altar of Zin.
   113 | D        | Found a shadowy altar of Dithmenos.
   113 | D        | Found a white marble altar of Elyvilon.
   113 | D        | Noticed a yak
   114 | D        | Found an opulent altar of Gozag.
   115 | D        | Killed a yak
   116 | D        | Reached skill level 21 in Stealth
   116 | D        | Found a sparkling altar of Nemelex Xobeh.
   121 | D        | Became a worshipper of Zin the Law-Giver
   121 | D        | Reached * piety under Zin
   121 | D        | Reached ** piety under Zin
   121 | D        | Reached *** piety under Zin
   121 | D        | Reached **** piety under Zin
   121 | D        | Reached ***** piety under Zin
   121 | D        | Reached ****** piety under Zin
   130 | D        | Noticed Sonja
   134 | D        | Slain by Sonja

Illustrated notes

Levels and vault maps discovered:
D:        dungeon_sprint_1 [red_sonja_temple_1, red_sonja_temple_small_1]

Skill      XL: |  1  2  3  4  5  6 |
---------------+-------------------+-----
Stealth        | 9 14 18 19 21 | 21.1
Fighting       | |  0.7
Dodging        | |  3.2
Evocations     | |  4.0

Action                     |  1- 3 |  4- 6 || total
---------------------------+-------+-------++-------
  Melee: Dagger            |       |     2 ||     2
  Evoke: Wand              |     6 |    11 ||    17
    Use: Potion            |       |     1 ||     1
   Stab: Sleeping          |       |     1 ||     1
 Armour: Robe              |       |     2 ||     2
  Dodge: Dodged            |       |    11 ||    11
